 Dungeon Crawl Stone Soup version 5.6-49-g8abd877 (webtiles) character file.

61 Moonstruck the Warrior (level 5, -13/41 HPs)
             Began as a Demonspawn Monk on Aug 9, 2018.
             Was a Believer of Okawaru.
             Killed by divine providence
             ... invoked by an orc priest
              (14 damage)
             ... on level 3 of the Dungeon.
             The game lasted 00:02:21 (1649 turns).

Moonstruck the Warrior (Demonspawn Monk)            Turns: 1649, Time: 00:02:22

Health: -13/41     AC: 11 (28%)Str: 11  XL:     5   Next: 1%
Magic:  8/8        EV: 10    Int: 13    God:    Okawaru [2*[57]]
Gold:   169        SH:  6    Dex: 15    Spells: 9/9 levels left

rFire    + . .     SeeInvis .   a - +0 hand axe
rCold    . . .     Faith    .   (no shield)
rNeg     . . .     Spirit   .   m - +2 scale mail {rF+}
rPois    .         Reflect  .   (helmet restricted)
rElec    .                      (no cloak)
rCorr    .                      (no gloves)
MR       .....                  j - +0 pair of boots
Stlth    +.........             (no amulet)
Regen    0.2/turn               (no ring)
MPRegen  0.4/turn               (no ring)

@: very slightly contaminated, drained, invisible
A: antennae 1, molten scales 1, magic regeneration, crystal skin
a: Renounce Religion


You were on level 3 of the Dungeon.
You worshipped Okawaru.
Okawaru was pleased with you.
You were not hungry.

You visited 1 branch of the dungeon, and saw 3 of its levels.

You collected 169 gold pieces.

Inventory:

Hand Weapons
 a - a +0 hand axe (weapon)
Missiles
 e - 92 poisoned darts (quivered)
 h - 16 frenzy darts
Armour
 b - a +0 robe
 j - a +0 pair of boots (worn)
 k - a +0 scale mail
 m - a +2 scale mail of fire resistance (worn)
Jewellery
 l - an uncursed amulet of regeneration
Scrolls
 c - a scroll of immolation
 i - a scroll of teleportation
Potions
 d - a potion of lignification
 f - a potion of invisibility


   Skills:
 + Level 3.2(4.0) Fighting
 * Level 3.9(4.7) Axes
 + Level 0.1(0.9) Armour
 + Level 3.0(3.8) Dodging
 - Level 1.7(1.5) Stealth
 * Level 2.4(2.2) Necromancy
 * Level 4.3(4.1) Invocations


You had 9 spell levels left.
You didn't know any spells.
Your spell library was empty.

Dungeon Overview and Level Annotations

Branches:
Dungeon (3/15)

Altars:
Cheibriados
Elyvilon
Gozag
Okawaru
Sif Muna
Wu Jian
Xom
The Shining One


Innate Abilities, Weirdness & Mutations

You have a pair of small antennae on your head.
You are partially covered in molten scales. (AC +2)
You regenerate magic rapidly.
Your crystalline skin blocks enemy attacks. (SH +6)


Message History

* * * LOW HITPOINT WARNING * * *
The orc wizard gestures wildly while chanting.
The orc wizard blinks!
The orc wizard gestures at you while chanting.
The magic dart hits you!
You fade into invisibility!
The orc priest closely misses you.
The orc wizard hits you but does no damage.
An adder comes into view.
The orc closely misses you.
You are very lightly contaminated with residual magic.
You hit the orc priest (1).
The orc priest is severely wounded.
You catch the helpless orc completely off-guard!
You hit the orc but do no damage. You completely miss the orc wizard.
The adder hisses angrily.
The orc wizard hits you but does no damage.
The orc priest mumbles some strange prayers to Beogh against you.
Beogh smites you (14)!
You die...

o..........
#..........
#oo.......#
#..o.......
#.#...# ..#
#.#...#....
#.'{....# ##
####S...## ...
#.@ยง..###
#.#######ooo.##
............##
#.........#
#.........#
...#
#.........# .
...##..)).....#
..
...#......#+##
$..
..###.......#


You could see an orc priest, an orc wizard, an adder (wandering) and an orc.

Vanquished Creatures
  Jessica (D:3)
  A worker ant (D:3)
  4 adders (D:2)
  An ooze (D:1)
  5 quokkas
  A ball python (D:1)
  2 giant cockroaches
  6 goblins
  7 hobgoblins
  3 kobolds
  6 bats
  3 frilled lizards
  6 rats
46 creatures vanquished.

Notes
Turn   | Place    | Note
-------+----------+-------------------------------------------
     0 | D:1      | Moonstruck the Demonspawn Monk began the quest for the Orb.
     0 | D:1      | Reached XP level 1. HP: 18/18 MP: 2/2
   185 | D:1      | Gained mutation: You are partially covered in molten scales. (AC +2) [demonic ancestry]
   185 | D:1      | Reached XP level 2. HP: 19/24 MP: 3/3
   314 | D:1      | Reached skill level 1 in Necromancy
   337 | D:1      | Reached skill level 4 in Invocations
   759 | D:2      | Found an opulent altar of Gozag.
   792 | D:2      | Gained mutation: You regenerate magic rapidly. [demonic ancestry]
   792 | D:2      | Reached XP level 3. HP: 29/29 MP: 5/5
   798 | D:2      | Found a white marble altar of Elyvilon.
   841 | D:2      | Found a shimmering altar of Xom.
   916 | D:2      | Found a deep blue altar of Sif Muna.
  1153 | D:2      | Found a faded altar of an unknown god.
  1191 | D:2      | Gained mutation: Your crystalline skin blocks enemy attacks. (SH +6) [demonic ancestry]
  1191 | D:2      | Reached XP level 4. HP: 7/35 MP: 6/6
  1276 | D:2      | Found a glowing golden altar of the Shining One.
  1276 | D:2      | Found a snail-covered altar of Cheibriados.
  1277 | D:2      | Found an iron altar of Okawaru.
  1446 | D:2      | Found an ornate altar of the Wu Jian Council.
  1519 | D:2      | Became a worshipper of Warmaster Okawaru
  1519 | D:2      | Reached * piety under Okawaru
  1519 | D:2      | Reached ** piety under Okawaru
  1537 | D:3      | Noticed Jessica
  1554 | D:3      | Killed Jessica
  1611 | D:3      | Gained mutation: You have a pair of small antennae on your head. [demonic ancestry]
  1611 | D:3      | Reached XP level 5. HP: 14/41 MP: 8/8
  1647 | D:3      | HP: 1/41 [orc/+0 dagger (2)]
  1649 | D:3      | Killed from afar by an orc priest

Skill      XL: |  1  2  3  4 |
---------------+-------------+-----
Axes           | 3 |  3.9
Necromancy     | 1 2 |  2.4
Invocations    | 4 |  4.3
Dodging        | 3 |  3.0
Fighting       | |  3.2
Armour         | |  0.1
Stealth        | |  1.7

Action                   |  1- 3 |  4- 6 || total
-------------------------+-------+-------++-------
Melee: Hand axe          |   133 |    69 ||   202
  Use: Potion            |       |     3 ||     3
 Stab: Sleeping          |     3 |       ||     3
       Invisible         |       |     1 ||     1
Armor: Robe              |    11 |       ||    11
       Scale mail        |    58 |    38 ||    96
       Skin              |       |    17 ||    17
Dodge: Dodged            |    92 |    40 ||   132
Block: Other             |       |    16 ||    16
